 Dungeon Crawl Stone Soup version 0.18-a0-1747-g18c4181 (webtiles) character file.

140443 lolka the Spry (level 16, 0/84 HPs)
             Began as a Spriggan Berserker on Apr 11, 2016.
             Was the Champion of Trog.
             Slain by a five-headed hydra (13 damage)
             ... on level 3 of the Swamp on Apr 12, 2016.
             The game lasted 02:35:58 (37584 turns).

lolka the Spry (Spriggan Berserker)                Turns: 37584, Time: 02:35:59

Health: 0/84       AC: 12    Str: 26    XL:     16   Next: 75%
Magic:  17/17      EV: 35    Int: 10    God:    Trog [******]
Gold:   2427       SH:  0    Dex: 20    Spells: 0 memorised, 15 levels left

rFire  + . .     SeeInvis +     N - +11 eveningstar "Pobuz" {flame, *Drain Str+8 Dex+4}
rCold  + + .     Gourm    .     V - +2 robe {rC+ rF+}
rNeg   . . .     Faith    +     (shield currently unavailable)
rPois  .         Spirit   .     J - +1 hat {MR+}
rElec  .         Dismiss  .     F - +1 cloak {+Inv}
rCorr  .         Reflect  .     (gloves unavailable)
SustAt .         Harm     .     (boots unavailable)
MR     +++..                    G - amulet of faith
Stlth  +.........               o - +5 ring of protection
                                i - ring of protection from cold

@: very quick, extremely resistant to hostile enchantments, very unstealthy
A: unfitting armour, see invisible, herbivore 3, speed 3, slow metabolism 2
a: Berserk, Trog's Hand, Brothers in Arms, Burn Spellbooks, Renounce Religion,
Evoke Invisibility


You were on level 3 of the Swamp.
You worshipped Trog.
Trog was exalted by your worship.
You were not hungry.

You visited 5 branches of the dungeon, and saw 30 of its levels.
You also visited: Bailey, Ice Cave and Volcano.

You collected 3127 gold pieces.
You spent 700 gold pieces at shops.

Inventory:

Hand Weapons
 v - a +9 greatsling of freezing
 N - the +11 eveningstar "Pobuz" (weapon) {flame, *Drain Str+8 Dex+4}
   (Trog gifted it to you on level 12 of the Dungeon)

   It has been specially enchanted to burn those struck by it, causing extra
   injury to most foes and up to half again as much damage against particularly
   susceptible opponents.
   It affects your strength (+8).
   It affects your dexterity (+4).
   It causes draining when unequipped.
Missiles
 g - 15 poisoned sling bullets
 p - 184 sling bullets
 t - 23 silver sling bullets
 u - 8 sling bullets of flame
 x - 563 stones (quivered)
 B - 4 throwing nets
 I - 41 exploding sling bullets
 M - 19 steel sling bullets
 R - 23 sling bullets of frost
Armour
 F - a +1 cloak of invisibility (worn)
 J - a +1 hat of magic resistance (worn)
 O - a +0 fire dragon armour
 V - a +2 robe of resistance (worn)
Jewellery
 i - a ring of protection from cold (left hand)
 o - a +5 ring of protection (right hand)
 r - an uncursed ring of fire
 G - an amulet of faith (around neck)
Wands
 q - a wand of digging (5/24)
 y - a wand of hasting (3/9)
 D - a wand of teleportation (9/9)
 P - a wand of hasting (6/9)
 T - a wand of disintegration (6/24)
Scrolls
 e - 9 scrolls of teleportation
 j - 2 scrolls of recharging
 s - 6 scrolls of remove curse
 z - 3 scrolls of identify
 A - a scroll of magic mapping
 U - 6 scrolls of enchant weapon
 X - 3 scrolls of enchant armour
 Y - 2 scrolls of blinking
 Z - a scroll of silence
Potions
 a - 4 potions of might
 b - 2 potions of resistance
 f - 7 potions of heal wounds
 h - 11 potions of curing
 k - 6 potions of haste
 l - 5 potions of brilliance
 m - 2 potions of agility
 w - a potion of cancellation
 C - 3 potions of magic
 H - a potion of beneficial mutation
 K - a potion of berserk rage
 Q - 5 potions of flight
Comestibles
 c - 18 bread rations
 d - 10 royal jellies
 n - 8 fruits


   Skills:
 + Level 9.2 Fighting
 * Level 15.9 Maces & Flails
 - Level 16.7 Slings
 + Level 18.5 Dodging


You had 15 spell levels left.
You didn't know any spells.

Dungeon Overview and Level Annotations

Branches:
Dungeon (15/15)            Temple (1/1) D:6            Lair (8/8) D:9
  Swamp (4/4) Lair:3       Spider (0/4) Lair:6        Slime (0/6) Lair:6
    Orc (2/2) D:12            Elf (0/3) Orc:2        Vaults (0/5) D:14
 Depths (0/5) D:15

Altars:
Ashenzari
Cheibriados
Dithmenos
Elyvilon
Fedhas
Gozag
Kikubaaqudgha
Makhleb
Nemelex Xobeh
Okawaru
Pakellas
Qazlal
Ru
Sif Muna
Trog
Vehumet
Xom
Yredelemnul
Zin
The Shining One
Beogh
Jiyva

Shops:
Orc:2 [}![:

Annotations:
D:8 exclusion: downstairs
Swamp:3 exclusion: downstairs


Innate Abilities, Weirdness & Mutations

You are tiny and cannot use many weapons and most armour.
You have supernaturally acute eyesight.
You are a herbivore.
You cover ground extremely quickly.
You need consume almost no food.


Message History

The five-headed hydra bites you but does no damage.
The thorn hunter fires a volley of thorns at you.
The volley of thorns hits you!
* * * LOW HITPOINT WARNING * * *
You climb upwards.
Level annotation: exclusion: downstairs You escape the reach of the grasping roots.
There is a stone staircase leading down here.
Unknown command.
You enter the shallow water.
Moving in this stuff is going to be slow.
You enter the shallow water.
Moving in this stuff is going to be slow.
The five-headed hydra bites you!
* * * LOW HITPOINT WARNING * * *
The five-headed hydra completely misses you.
The five-headed hydra misses you. The five-headed hydra bites you.
* * * LOW HITPOINT WARNING * * *
The five-headed hydra bites you!
You die...

♣.≈≈≈≈≈≈≈.♣
♣♣♣♣.≈≈≈≈.♣♣
♣.♣♣≈≈≈..♣♣
♣.♣♣♣♣.≈≈.♣
♣♣..♣♣≈≈...♣♣
♣≈......♣.≈§♣
♣♣≈≈♣♣♣♣...≈≈♣
♣.♣♣♣ ♣...♣.♣♣
♣♣♣ ♣♣@≈≈≈≈♣ ♣♣
♣♣D≈≈.♣ ♣♣.
♣F≈♣.♣♣ ♣.≈
♣♣.≈≈≈♣ ♣≈≈
♣.≈≈≈.♣ ♣♣..
♣♣>≈≈≈♣
♣♣♣♣♣♣≈≈≈
♣>≈..♣♣♣≈≈≈...♣≈
♣♣.≈..†..≈♣..≈§.
♣.≈≈≈.≈≈≈♣§≈≈.♣.


You could see a five-headed hydra and a spiny frog.

Vanquished Creatures
  Jorgrun (Swamp:2)
  Gastronok (D:9)
  Frances (D:13)
  A thorn hunter (Swamp:1)
  Donald (Swamp:2)
  Maud (D:13)
  Aizul (Swamp:2)
  Nessos (D:13)
  A salamander stormcaller (D:15)
  A white draconian (IceCv)
  Snorg (D:14)
  An ettin (D:15)
  2 fire dragons
  Josephine (D:11)
  Erolcha (D:8)
  8 hydras
  Harold (Lair:4)
  The ghost of inmateoo the Martial Artist, a journeyman DsIE of Cheibriados (D:11)
  The ghost of slayr the Basher, a novice OgBe of Trog (D:9)
  6 centaur warriors
  A catoblepas (Lair:6)
  10 death yaks
  3 ogre magi
  4 alligators
  A queen ant (Lair:4)
  An orc high priest (Orc:2)
  Urug (D:10)
  A fire crab (Lair:8)
  5 skeletal warriors (D:14)
  A deep elf knight (D:14)
  Nergalle (Orc:2)
  2 unseen horrors (D:12)
  A shambling mangrove (Swamp:2)
  A deep troll (D:15)
  3 swamp dragons
  4 hill giants
  11 ugly things
  3 orc knights
  5 hornets
  9 orc sorcerers
  6 deep elf magi
  3 griffons
  A cyclops (D:13)
  A wolf spider (Lair:8)
  A manticore (D:11)
  Maurice (D:12)
  6 black mambas
  Psyche (D:11)
  An elephant (D:9)
  20 spiny frogs
  A torpor snail (Lair:7)
  2 gargoyles
  A guardian serpent (Lair:8)
  2 rime drakes
  3 freezing wraiths
  7 komodo dragons
  A jumping spider (Lair:6)
  3 tengu conjurers
  5 trolls
  A troll (shapeshifter) (D:15)
  A queen bee (D:9)
  4 giant leeches
  A two-headed ogre (shapeshifter) (D:12)
  16 polar bears
  A boulder beetle (Orc:2)
  5 two-headed ogres
  14 blink frogs
  6 slime creatures
  3 bog bodies
  A spriggan (shapeshifter) (D:13)
  3 shadows
  A centaur simulacrum (D:14)
  7 wraiths
  A vampire (D:14)
  7 basilisks
  A hog (D:9)
  A human (D:9)
  47 yaks
  11 wyverns
  Eustachio (D:4)
  3 fire bats (Orc:2)
  3 steam dragons (Lair:8)
  2 hungry ghosts
  24 vampire mosquitoes
  8 hippogriffs
  2 mottled dragons
  21 soldier ants
  14 swamp worms
  4 insubstantial wisps (Lair:3)
  2 wargs (Orc:1)
  13 porcupines
  20 water moccasins
  6 black bears
  28 orc warriors
  3 phantoms
  8 wasps
  10 ice beasts
  5 sky beasts
  11 swamp drakes
  14 ogres
  4 necrophages
  13 centaurs
  17 wolves
  A big kobold (D:14)
  20 crocodiles
  22 giant frogs
  2 gnoll sergeants
  3 wyvern zombies
  4 scorpions
  2 wyvern skeletons
  28 killer bees
  5 wights
  7 howler monkeys
  2 giant frog zombies
  3 crimson imps
  3 quasits
  2 centaur zombies
  9 hounds
  5 jellies
  11 orc priests
  3 giant frog skeletons
  8 centaur skeletons
  38 orc wizards
  8 iguanas
  27 worker ants
  20 sheep
  2 mummies (D:12)
  8 gnolls
  A howler monkey skeleton (D:4)
  16 adders
  140 river rats
  7 shadow imps
  A worm (D:3)
  4 dart slugs
  An adder simulacrum (D:8)
  7 giant geckos
  92 orcs
  6 giant cockroaches
  13 goblins
  8 hobgoblins
  6 jackals
  3 quokkas
  3 bats
  A giant gecko zombie (D:6)
  5 giant newts
  23 kobolds
  2 quokka skeletons
  6 rats
  2 fungi
  7 plants
  A withered plant (D:12)
1133 creatures vanquished.

Vanquished Creatures (collateral kills)
  An ice statue (IceCv)
  2 black mambas (Lair:8)
  A hungry ghost (D:15)
  An orc wizard (Orc:2)
5 creatures vanquished.

Vanquished Creatures (others)
  Rupert (Lair:6)
  3 polar bears (IceCv)
  A two-headed ogre (D:14)
  A yak (IceCv)
  3 wolves (IceCv)
  A fire vortex (D:15)
  14 fungi
  12 plants
  7 toadstools (Swamp:1)
  A withered plant (D:12)
44 creatures vanquished.

Grand Total: 1182 creatures vanquished

Notes
Turn   | Place    | Note
--------------------------------------------------------------
     0 | D:1      | lolka the Spriggan Berserker began the quest for the Orb.
     0 | D:1      | Reached XP level 1. HP: 11/11 MP: 2/2
   133 | D:1      | Reached XP level 2. HP: 16/16 MP: 3/3
   514 | D:1      | Reached ** piety under Trog
   560 | D:1      | Reached XP level 3. HP: 19/19 MP: 4/4
  1900 | D:3      | Reached XP level 4. HP: 23/23 MP: 5/5
  1931 | D:3      | Found a shadowy altar of Dithmenos.
  2197 | D:3      | Found an opulent altar of Gozag.
  2217 | D:3      | Reached *** piety under Trog
  2475 | D:3      | Found a stormy altar of Qazlal.
  2519 | D:3      | Reached XP level 5. HP: 27/27 MP: 6/6
  2881 | D:4      | Noticed Eustachio
  3015 | D:4      | Killed Eustachio
  3015 | D:4      | Reached skill level 5 in Maces & Flails
  3015 | D:4      | Reached XP level 6. HP: 17/32 MP: 7/7
  4098 | D:4      | Got a faintly glowing hunting sling
  4099 | D:4      | Identified the +11 hunting sling "Zaisaroa" {venom, +Fly rN+ Str-5} (You found it on level 4 of the Dungeon)
  4198 | D:5      | Entered Level 5 of the Dungeon
  4229 | D:5      | Reached skill level 5 in Dodging
  4229 | D:5      | Reached XP level 7. HP: 14/35 MP: 8/8
  4673 | D:5      | Reached skill level 6 in Dodging
  4755 | D:5      | Reached skill level 1 in Slings
  4815 | D:5      | Reached XP level 8. HP: 21/39 MP: 9/9
  5356 | D:6      | Found a staircase to the Ecumenical Temple.
  5363 | Temple   | Entered the Ecumenical Temple
  5434 | D:6      | Found a blossoming altar of Fedhas.
  5718 | D:6      | Found an iron altar of Okawaru.
  5745 | D:6      | Reached skill level 5 in Slings
  5852 | D:6      | You fall through a shaft for 3 floors!
  5852 | D:9      | Noticed Gastronok
  5852 | D:9      | Noticed slayr's ghost (novice OgBe)
  5860 | D:8      | Noticed Erolcha
  6076 | D:7      | Reached **** piety under Trog
  6128 | D:7      | Reached skill level 7 in Dodging
  6329 | D:6      | Found a burning altar of Makhleb.
  6635 | D:7      | Reached XP level 9. HP: 42/44 MP: 10/10
  6864 | D:7      | Reached skill level 8 in Dodging
  7291 | D:8      | Killed Erolcha
  7291 | D:8      | Reached skill level 10 in Dodging
  7469 | D:8      | Reached skill level 11 in Dodging
  7643 | D:8      | Reached XP level 10. HP: 36/51 MP: 11/11
  7720 | D:8      | Reached skill level 12 in Dodging
  7864 | D:8      | Noticed a five-headed hydra
  7867 | D:8      | Noticed a five-headed hydra
  7868 | D:8      | Found a large runed door.
  7880 | D:8      | Found a large runed door.
  7925 | D:8      | Killed a five-headed hydra
  7925 | D:8      | Reached skill level 5 in Fighting
  7945 | D:8      | Killed a five-headed hydra
  7945 | D:8      | Reached ***** piety under Trog
  7945 | D:8      | Reached skill level 13 in Dodging
  7998 | D:8      | Noticed a centaur warrior
  8039 | D:8      | Killed a centaur warrior
  8333 | D:8      | Reached skill level 14 in Dodging
  8346 | D:8      | Found a white marble altar of Elyvilon.
  8349 | D:8      | Found a white marble altar of Elyvilon.
  8837 | D:9      | Found an ancient bone altar of Kikubaaqudgha.
  9083 | D:9      | Killed slayr's ghost
  9083 | D:9      | Reached XP level 11. HP: 56/56 MP: 12/12
  9138 | D:9      | Killed Gastronok
  9138 | D:9      | Reached skill level 15 in Dodging
  9295 | D:9      | Found a glowing golden altar of the Shining One.
  9433 | D:9      | Found a staircase to the Lair.
  9578 | D:9      | Received a gift from Trog
  9651 | D:9      | Found a sacrificial altar of Ru.
  9854 | D:9      | Reached skill level 16 in Dodging
 10102 | D:10     | Entered Level 10 of the Dungeon
 10115 | D:10     | Noticed Urug
 10125 | D:10     | Killed Urug
 10267 | D:10     | Received a gift from Trog
 11044 | Lair:1   | Entered Level 1 of the Lair of Beasts
 11557 | Lair:1   | Received a gift from Trog
 11934 | Lair:1   | Received a gift from Trog
 12557 | Lair:2   | Reached skill level 10 in Slings
 12692 | Lair:2   | Noticed a fire dragon
 12744 | Lair:2   | Killed a fire dragon
 12744 | Lair:2   | Reached XP level 12. HP: 61/61 MP: 13/13
 12980 | Lair:2   | Found a stormy altar of Qazlal.
 13086 | Lair:2   | Reached ****** piety under Trog
 13127 | Lair:2   | Received a gift from Trog
 13908 | Lair:3   | Found a staircase to the Swamp.
 13992 | Lair:3   | Noticed an eight-headed hydra
 14014 | Lair:3   | Killed an eight-headed hydra
 14014 | Lair:3   | Reached skill level 17 in Dodging
 14099 | Lair:3   | Noticed an eight-headed hydra
 14110 | Lair:3   | Killed an eight-headed hydra
 14110 | Lair:3   | Reached skill level 10 in Maces & Flails
 15028 | Lair:4   | You fall through a shaft!
 15222 | Lair:4   | Noticed a queen ant
 15234 | Lair:4   | Received a gift from Trog
 15292 | Lair:4   | Received a gift from Trog
 15396 | Lair:4   | Killed a queen ant
 15671 | Lair:4   | Noticed Harold
 15784 | Lair:4   | Killed Harold
 15784 | Lair:4   | Reached XP level 13. HP: 66/66 MP: 14/14
 16609 | Lair:5   | Received a gift from Trog
 16621 | Lair:5   | Found an opulent altar of Gozag.
 16905 | Lair:5   | Upgraded the game from 0.18-a0-1745-gffa9a88 to 0.18-a0-1747-g18c4181
 17789 | Lair:5   | You fall through a shaft!
 17848 | Lair:6   | Killed Rupert
 17983 | Lair:6   | Found a hole to the Spider Nest.
 18197 | Lair:6   | Received a gift from Trog
 18626 | Lair:6   | Found a viscous altar of Jiyva.
 18627 | Lair:6   | Found a staircase to the Slime Pits.
 19844 | Lair:7   | Received a gift from Trog
 20001 | Lair:8   | Entered Level 8 of the Lair of Beasts
 20807 | Lair:8   | Reached XP level 14. HP: 70/70 MP: 15/15
 21363 | Lair:8   | Received a gift from Trog
 21766 | Lair:8   | Received a gift from Trog
 21870 | Lair:8   | Reached skill level 15 in Slings
 22102 | Lair:8   | Received a gift from Trog
 22177 | Lair:8   | Received a gift from Trog
 23166 | D:11     | Noticed Psyche
 23174 | D:11     | Noticed inmateoo's ghost (journeyman DsIE)
 23225 | D:11     | Found a flagged portal.
 23235 | Bailey   | Entered a bailey
 23767 | D:11     | Killed inmateoo's ghost
 23828 | D:11     | Killed Psyche
 23868 | D:11     | Noticed Josephine
 23896 | D:11     | Killed Josephine
 24028 | D:11     | Received a gift from Trog
 24470 | D:12     | Reached skill level 18 in Dodging
 24907 | D:12     | Found a staircase to the Orcish Mines.
 25075 | D:12     | Noticed Maurice
 25086 | D:12     | Killed Maurice
 25340 | D:12     | Received a gift from Trog
 25345 | D:12     | Got a warped eveningstar {god gift}
 25346 | D:12     | Identified the +11 eveningstar "Pobuz" {flame, *Drain Str+8 Dex+4} (Trog gifted it to you on level 12 of the Dungeon)
 25402 | Orc:1    | Entered Level 1 of the Orcish Mines
 25608 | Orc:1    | Found a frozen archway.
 25646 | IceCv    | Entered an ice cave
 26084 | IceCv    | Reached XP level 15. HP: 60/75 MP: 16/16
 26161 | IceCv    | Received a gift from Trog
 27000 | Orc:2    | Entered Level 2 of the Orcish Mines
 27469 | Orc:2    | Received a gift from Trog
 27485 | Orc:2    | Found a dark tunnel.
 27494 | Volcano  | Entered a volcano
 27715 | Orc:2    | Found a staircase to the Elven Halls.
 27965 | Orc:2    | Found Xoac's Armour Shoppe.
 28007 | Orc:2    | Received a gift from Trog
 28083 | Orc:2    | Found a roughly hewn altar of Beogh.
 28542 | Orc:2    | Received a gift from Trog
 28623 | Orc:2    | Found Gian's Gadget Boutique.
 28644 | Orc:2    | Found a radiant altar of Vehumet.
 28812 | Orc:2    | Noticed Nergalle
 28874 | Orc:2    | Killed Nergalle
 28874 | Orc:2    | Received a gift from Trog
 28889 | Orc:2    | Found a roughly hewn altar of Beogh.
 28889 | Orc:2    | Found Gyudey's Distillery.
 28896 | Orc:2    | Found Ratad's Book Boutique.
 28905 | Orc:2    | Found Zisefath's Antique Armour Boutique.
 28945 | Orc:2    | Bought a glowing buckler for 112 gold pieces
 28945 | Orc:2    | Bought an ancient robe for 142 gold pieces
 28945 | Orc:2    | Bought a shadowed robe for 142 gold pieces
 28962 | Orc:2    | Identified the cursed +1 robe of the Ditch-Digger {MR+ MP+9 Dex+3} (You bought it in a shop on level 2 of the Orcish Mines)
 28979 | Orc:2    | Identified the +1 robe "Wuatoner" {*Drain rN+ Dex+4} (You bought it in a shop on level 2 of the Orcish Mines)
 29003 | Orc:2    | Bought a potion of curing for 48 gold pieces
 29003 | Orc:2    | Bought a potion of curing for 48 gold pieces
 29003 | Orc:2    | Bought a potion of curing for 48 gold pieces
 29003 | Orc:2    | Bought 2 potions of heal wounds for 160 gold pieces
 29015 | Orc:2    | Found an ancient bone altar of Kikubaaqudgha.
 29285 | D:13     | Received a gift from Trog
 29363 | D:13     | Noticed Frances
 29658 | D:13     | Killed Frances
 30273 | D:13     | Noticed Nessos
 30293 | D:13     | Killed Nessos
 30322 | D:13     | Noticed Maud
 30335 | D:13     | Killed Maud
 30962 | D:14     | Found an opulent altar of Gozag.
 31035 | D:14     | Received a gift from Trog
 31275 | D:14     | Noticed Snorg
 31277 | D:14     | Found a gate to the Vaults.
 31636 | D:14     | Killed Snorg
 32421 | D:14     | Reached XP level 16. HP: 46/81 MP: 17/17
 32565 | D:15     | Entered Level 15 of the Dungeon
 32582 | D:15     | Received a gift from Trog
 32671 | D:15     | Reached skill level 15 in Maces & Flails
 32794 | D:15     | Found a staircase to the Depths.
 33690 | Swamp:1  | Entered Level 1 of the Swamp
 33877 | Swamp:1  | Received a gift from Trog
 34111 | Swamp:1  | Gained mutation: Potions and wands are less effective at restoring your health. [potion of mutation]
 34111 | Swamp:1  | Gained mutation: You are weak. (Str -2) [potion of mutation]
 34112 | Swamp:1  | Gained mutation: Your spells are a little easier to cast, but a little less powerful. [potion of mutation]
 34112 | Swamp:1  | Gained mutation: Your body sometimes deteriorates upon taking damage. [potion of mutation]
 34116 | Swamp:1  | Lost mutation: Your spells are a little easier to cast, but a little less powerful. [potion of cure mutation]
 34116 | Swamp:1  | Lost mutation: Potions and wands are less effective at restoring your health. [potion of cure mutation]
 34116 | Swamp:1  | Lost mutation: Your body sometimes deteriorates upon taking damage. [potion of cure mutation]
 34116 | Swamp:1  | Lost mutation: You are weak. (Str -2) [potion of cure mutation]
 34403 | Swamp:1  | Noticed a thorn hunter
 34413 | Swamp:1  | Killed a thorn hunter
 34982 | Swamp:2  | Noticed Aizul
 34995 | Swamp:2  | Killed Aizul
 35628 | Swamp:2  | Noticed Donald
 35668 | Swamp:2  | Noticed Jorgrun
 35668 | Swamp:2  | Killed Donald
 35676 | Swamp:2  | Killed Jorgrun
 36292 | Swamp:3  | Got a faintly humming robe
 36293 | Swamp:3  | Identified the +2 robe of Limymn {rCorr} (You found it on level 3 of the Swamp)
 37093 | Swamp:4  | Entered Level 4 of the Swamp
 37108 | Swamp:3  | Received a gift from Trog
 37577 | Swamp:4  | Noticed a thorn hunter
 37584 | Swamp:3  | Slain by a five-headed hydra

Vault maps used:
D:1:      moated_graveyard_arrival, minmay_misc_feat_roman
D:3:      nicolae_overflow_crystal_walls, lemuel_round_altar,
          nicolae_dithmenos_shadow_blocks, kennysheep_generic_room_7
D:4:      grunt_ministairs_9, uniq_eustachio
D:5:      first_bread, minivault_26
D:6:      fedhas_altar_3, lemuel_coloured_pillars_altar,
          minmay_temple_entry_purple_smoke, okawaru_metal_pillars_3
D:8:      minmay_misc_feat_diagonals, jmf_multi_god_temple2, uniq_erolcha
D:9:      lemuel_doored_altar, nicolae_overflow_hidden_temple, tso_altar,
          david_lair_generic, grunt_livestock, uniq_gastronok
D:10:     uniq_urug
D:11:     enter_bailey_8, uniq_psyche, uniq_josephine
D:12:     erik_orc_1, serial_undead, serial_undead_f, serial_undead_b,
          serial_undead_b, serial_undead_f, uniq_maurice
D:13:     uniq_nessos, uniq_frances, uniq_maud
D:14:     hangedman_vaults_entry_quadrant_bands, basic_altar, uniq_snorg
D:15:     hangedman_depths_entry_civil_slaughter,
          minmay_misc_feat_secret_circle, hangedman_abyss_or_decor_lesser_grid
Temple:   circular_temple_12
Lair:1:   infiniplex_staircase_pool
Lair:2:   dragon1_lemuel, basic_altar, guppyfry_lair_drakes
Lair:3:   minmay_swamp_entry_wisps
Lair:4:   minivault_29, grunt_megastairs_3, lemuel_fruit_tree,
          bh_autumn_forest_stairs, uniq_harold
Lair:5:   basic_altar, roderic_lost_polar_bear, infiniplex_staircase_pool_2
Lair:6:   spider_nest_entry_a, dpeg_slime_entry_enclosed_altar,
          nicolae_lair_yak_garden, serial_bayou_shore_b, uniq_rupert
Lair:7:   minivault_25
Lair:8:   hangedman_lair_tendril_chambers, guppyfry_lair_end_dragon
Swamp:1:  cheibrodos_swamp_tower_of_moss, evilmike_swamp_ruin_rubble_2
Swamp:2:  evilmike_swamp_ruin_house_2, uniq_aizul, uniq_jorgrun, uniq_donald
Swamp:3:  serial_swamp_ruin, evilmike_swamp_ruin_rubble_1,
          hangedman_swamp_ruin_hall
Swamp:4:  swamp_old_school
Orc:1:    portal_ice_cave_entry_ice_beasts
Orc:2:    kennysheep_orc_mage_school, basic_altar,
          nicolae_volcano_entry_batcave, serial_shops, nicolae_shop_crystal,
          rock_pile
Bailey:   bailey_axe_4, bailey
IceCv:    ice_cave_caverns_03
Volcano:  volcano_lake

Skill      XL: |  1  2  3  4  5  6  7  8  9 10 11 12 13 14 15 16 |
---------------+-------------------------------------------------+-----
Maces & Flails | 3 4 5 6 7 8 9 11 12 14 15 | 15.9
Dodging        | 5 6 7 11 14 16 17 18 | 18.5
Slings         | 2 6 10 13 16 | 16.7
Fighting       | 3 4 5 6 7 9 |  9.2

Action                   |  1- 3 |  4- 6 |  7- 9 | 10-12 | 13-15 | 16-18 || total
-------------------------+-------+-------+-------+-------+-------+-------++-------
Melee: Mace              |   131 |    38 |     5 |       |       |       ||   174
       War axe           |     7 |    71 |       |       |       |       ||    78
       Trident           |       |    37 |       |       |       |       ||    37
       Flail             |       |       |   124 |    47 |    69 |       ||   240
       Eveningstar       |       |       |       |       |   677 |   444 ||  1121
 Fire: Hunting sling     |       |     6 |   181 |   841 |   835 |       ||  1863
       Greatsling        |       |       |       |    35 |   560 |       ||   595
Throw: Tomahawk          |       |     4 |       |       |       |       ||     4
Invok: Burn Spellbooks   |       |       |       |     1 |     3 |       ||     4
       Berserk           |       |       |       |     1 |     3 |     5 ||     9
       Brothers in Arms  |       |       |       |       |     3 |     1 ||     4
       Trog's Hand       |       |       |       |       |     1 |     1 ||     2
Evoke: Club              |       |       |       |       |     3 |     1 ||     4
  Use: Scroll            |       |       |       |    15 |    35 |     4 ||    54
       Potion            |       |       |       |       |     3 |     8 ||    11
 Stab: Sleeping          |     2 |     1 |       |       |     3 |       ||     6
  Eat: Pizza             |       |     1 |       |     4 |     6 |       ||    11
       Fruit             |       |       |     3 |     1 |     9 |    10 ||    23
Armor: Robe              |       |       |       |       |    53 |    14 ||    67
       Animal skin       |       |       |       |       |     3 |       ||     3
       Troll leather arm |       |       |       |       |     5 |    13 ||    18
Dodge: Dodged            |       |       |       |       |   728 |   378 ||  1106
